 Dungeon Crawl Stone Soup version 0.24.0-37-gcf1ca852f1 (webtiles) character file.

Game seed: 15706851680059211032, levelgen mode: deterministic

4099 Gruesph the Grappler (level 10, 0/136 HPs)
             Began as a Troll Berserker on Nov 22, 2019.
             Was an Elder of Trog.
             Slain by a jelly (2 damage)
             ... on level 7 of the Dungeon.
             The game lasted 00:23:18 (5413 turns).

Gruesph the Grappler (Troll Berserker)              Turns: 5413, Time: 00:23:18

Health: 0/136      AC:  1    Str: 32    XL:     10   Next: 6%
Magic:  13/13      EV: 11    Int:  3    God:    Trog [****..]
Gold:   305        SH:  0    Dex: 12    Spells: 9/9 levels left

rFire    + . .     SeeInvis .     - Unarmed
rCold    . . .     Gourm    +   (no shield)
rNeg     + . .     Faith    .   n - +1 robe {rN+}
rPois    .         Spirit   .   (helmet restricted)
rElec    .         Reflect  .   p - +1 cloak
rCorr    .         Harm     .   (gloves unavailable)
MR       ++...                  (boots unavailable)
Stlth    ..........             (no amulet)
HPRegen  1.72/turn              o - ring of protection from fire
MPRegen  0.13/turn              (no ring)

@: berserking, corroded, regenerating, very quick
A: large, unfitting armour, claws 3, fast metabolism 3, gourmand, regeneration
1, shaggy fur 1, tough skin 3
a: Berserk, Trog's Hand, Brothers in Arms, Renounce Religion


You were on level 7 of the Dungeon.
You worshipped Trog.
Trog was greatly pleased with you.
You were not hungry.

You visited 2 branches of the dungeon, and saw 8 of its levels.

You collected 305 gold pieces.

Inventory:

Missiles
 d - 3 large rocks (quivered)
Armour
 n - a +1 robe of positive energy (worn)
 p - a +1 cloak (worn)
Jewellery
 o - a ring of protection from fire (left claw)
Wands
 j - a wand of flame (11)
 l - a wand of digging (4)
 m - a wand of random effects (7)
 s - a wand of iceblast (8)
Scrolls
 b - a scroll of fog
 i - a scroll of identify
 k - a scroll of magic mapping
 r - 3 scrolls of remove curse
 t - 3 scrolls of immolation
 v - a scroll of blinking {unknown}
Potions
 a - 2 potions of ambrosia
 c - 3 potions of curing
 e - a potion of lignification
 g - 2 potions of resistance
 h - 2 potions of invisibility
 q - 2 potions of haste
 u - a potion of agility
Comestibles
 f - 11 rations


   Skills:
 + Level 3.3 Fighting
 - Level 2.1 Throwing
 + Level 3.1 Dodging
 + Level 11.2 Unarmed Combat
 + Level 6.4 Evocations


You had 9 spell levels left.
You didn't know any spells.
Your spell library was empty.

Dungeon Overview and Level Annotations

Branches:
Dungeon (7/15)             Temple (1/1) D:4

Altars:
Cheibriados
Elyvilon
Fedhas
Gozag
Hepliaklqana
Nemelex Xobeh
Okawaru
Qazlal
Ru
Sif Muna
Vehumet
Yredelemnul
The Shining One

Annotations:
D:7 1 transporter


Innate Abilities, Weirdness & Mutations

You are too large for most types of armour.
You have claws for hands.
Your metabolism is lightning-fast.
You like to eat raw meat.
Your natural rate of healing is unusually fast.
You are covered in fur. (AC +1)
You have extremely tough skin. (AC +3)


Message History

The acid corrodes your ogre! What are your orders? t - Shout!
Anything else - Cancel.
Okay, then.
You are too berserk!
You feel a strong urge to attack something.
Your ogre barely misses the jelly.
The jelly barely misses you.
The acid dragon barely misses your ogre.
The acid dragon claws your ogre.
You claw the jelly! The acid corrodes you!
Your claws burn!
* * * LOW HITPOINT WARNING * * *
The jelly is severely wounded.
The jelly hits you.
* * * LOW HITPOINT WARNING * * *
You are splashed with acid!
* * * LOW HITPOINT WARNING * * *
Your ogre hits the jelly but does no damage.
Your ogre is burned by acid!
The jelly hits you.
You die...

#.# ####.#####.........#
#.# #.# #..#####.## #.#
##### #..# #.# #.#
#☼°☼○°########.# #)####
#☼○°○°#°°○.○°#.##
#....####°°○°°#○°☼.°☼#..#
####....#[[○○☼D.#.#○☼#..##
#...©#©$○○○JO..©°○#©..#
#.#..#($☼○○J@#.#°○#........
#.####○○☼°○#.○°°○○#.#######
#.# #°☼°°°#☼☼○○°°#.# #.#
#○.○○ ########.. #.# #####
.## #.# . #.# . #.# #.#


You could see an acid dragon, 2 jellies and a friendly ogre (berserk).

Vanquished Creatures
  Pikel (D:7)
  Joseph (D:7)
  The ghost of Cryoshakespeare the Swashbuckler, a novice KoHu of Yredelemnul (D:4)
  Prince Ribbit (D:7)
  Sigmund (D:2)
  Eustachio (D:5)
  A hungry ghost (D:4)
  Edmund (D:4)
  A water moccasin (D:5)
  An orc warrior (D:6)
  A black bear (D:7)
  3 ice beasts
  A sky beast (D:6)
  2 ogres (D:5)
  A bullfrog (D:7)
  3 scorpions
  5 killer bees (D:7)
  3 crimson imps
  3 howler monkeys
  A jelly (D:5)
  2 orc priests (D:6)
  Crazy Yiuf (D:5)
  3 orc wizards
  Jessica (D:2)
  A bullfrog skeleton (D:6)
  An iguana (D:5)
  4 worker ants
  5 hound skeletons
  9 adders
  3 gnolls (D:3)
  A river rat (D:4)
  3 oozes
  An adder skeleton (D:5)
  A dart slug (D:3)
  3 leopard geckos
  29 orcs
  7 giant cockroaches
  10 goblins
  10 hobgoblins
  12 jackals
  5 quokkas
  5 bats
  6 frilled lizards
  6 kobolds
  5 rats
167 creatures vanquished.

Vanquished Creatures (collateral kills)
  An acid dragon (D:7)
1 creature vanquished.

Vanquished Creatures (others)
  3 slaves (D:7)
  A plant (D:5)
4 creatures vanquished.

Grand Total: 172 creatures vanquished

Notes
Turn   | Place    | Note
-------+----------+-------------------------------------------
     0 | D:1      | Gruesph the Troll Berserker began the quest for the Orb.
     0 | D:1      | Reached XP level 1. HP: 22/22 MP: 0/0
   494 | D:1      | Reached XP level 2. HP: 29/29 MP: 1/1
   912 | D:2      | Reached skill level 4 in Unarmed Combat
   938 | D:2      | Reached XP level 3. HP: 36/36 MP: 2/2
  1029 | D:2      | Found a glowing golden altar of the Shining One.
  1191 | D:2      | Reached ** piety under Trog
  1249 | D:2      | Noticed Sigmund
  1258 | D:2      | Killed Sigmund
  1258 | D:2      | Reached skill level 6 in Unarmed Combat
  1258 | D:2      | Reached XP level 4. HP: 44/44 MP: 3/3
  1258 | D:2      | Reached XP level 5. HP: 50/50 MP: 4/4
  1414 | D:2      | Noticed Jessica
  1418 | D:2      | Killed Jessica
  1559 | D:3      | Reached XP level 6. HP: 56/59 MP: 5/5
  1573 | D:3      | Reached skill level 7 in Unarmed Combat
  2007 | D:3      | Reached *** piety under Trog
  2236 | D:4      | Found a radiant altar of Vehumet.
  2340 | D:4      | Noticed a hungry ghost
  2357 | D:4      | Killed a hungry ghost
  2357 | D:4      | Reached skill level 1 in Throwing
  2357 | D:4      | Reached skill level 8 in Unarmed Combat
  2357 | D:4      | Reached XP level 7. HP: 66/66 MP: 6/6
  2464 | D:4      | Noticed Edmund
  2477 | D:4      | Killed Edmund
  2516 | D:4      | Found a staircase to the Ecumenical Temple.
  2544 | Temple   | Entered the Ecumenical Temple
  2912 | D:4      | Found a runed translucent door.
  2915 | D:4      | Noticed Cryoshakespeare's ghost (novice KoHu)
  2932 | D:4      | Found a runed translucent door.
  3349 | D:4      | Killed Cryoshakespeare's ghost
  3349 | D:4      | Reached skill level 9 in Unarmed Combat
  3349 | D:4      | Reached XP level 8. HP: 75/75 MP: 7/7
  3395 | D:5      | Entered Level 5 of the Dungeon
  3559 | D:5      | Reached skill level 10 in Unarmed Combat
  3616 | D:5      | Found a sacrificial altar of Ru.
  3634 | D:5      | Noticed Eustachio
  3643 | D:5      | Killed Eustachio
  3652 | D:5      | Found an opulent altar of Gozag.
  3837 | D:5      | Reached skill level 11 in Unarmed Combat
  3909 | D:5      | Found a runed translucent door.
  3910 | D:5      | Noticed Crazy Yiuf
  3916 | D:5      | Killed Crazy Yiuf
  4133 | D:5      | Reached skill level 1 in Evocations
  4133 | D:5      | Reached XP level 9. HP: 74/81 MP: 8/8
  4175 | D:6      | Reached **** piety under Trog
  5029 | D:7      | Noticed Pikel
  5040 | D:7      | Killed Pikel
  5040 | D:7      | Reached skill level 5 in Evocations
  5203 | D:7      | Found a transporter.
  5208 | D:7      | Noticed Joseph
  5225 | D:7      | Killed Joseph
  5345 | D:7      | Noticed Prince Ribbit
  5350 | D:7      | Killed Prince Ribbit
  5350 | D:7      | Reached XP level 10. HP: 80/91 MP: 13/13
  5390 | D:7      | Found a transporter.
  5413 | D:7      | HP: 2/136 [acid (7)]
  5413 | D:7      | Slain by a jelly

Levels and vault maps discovered:
D:1:      minmay_arrival_cross, layout_basic, chequers_jeans
D:2:      layout_basic, overflow_temple_1_default,
          nicolae_overflow_hidden_temple, nrook_campfire,
          kennysheep_jessica_study, uniq_terence, uniq_sigmund
D:3:      layout_loops_ring
D:4:      wad_river_or_something, layout_loops_ring,
          nicolae_overflow_crystal_walls, minmay_temple_entry_drinking_statues,
          ebering_ghost_sewer_f, uniq_edmund
D:5:      layout_rooms, kennysheep_mini_moat, first_ration,
          nicolae_ru_the_path_less_chosen, uniq_crazy_yiuf_cottage,
          uniq_eustachio
D:6:      layout_loops_ring
D:7:      gammafunk_cloud_chamber, layout_loops_ring, uniq_pikel,
          uniq_prince_ribbit1, uniq_joseph
Temple:   compressed_dpeg_triangle_lava_temple

Skill      XL: |  1  2  3  4  5  6  7  8  9 |
---------------+----------------------------+-----
Unarmed Combat | 4 6 8 9 11 | 11.2
Throwing       | 1 2 |  2.1
Dodging        | 3 |  3.1
Fighting       | 3 |  3.3
Evocations     | 1 6 |  6.4

Action                   |  1- 3 |  4- 6 |  7- 9 | 10-12 || total
-------------------------+-------+-------+-------+-------++-------
Melee: Unarmed           |    61 |   157 |   257 |     5 ||   480
       Punch             |       |     5 |    14 |       ||    19
Invok: Berserk           |     1 |     1 |     5 |     1 ||     8
       Trog's Hand       |     1 |     1 |     2 |     1 ||     5
       Brothers in Arms  |       |       |       |     1 ||     1
  Use: Scroll            |       |       |    18 |       ||    18
 Stab: Sleeping          |     1 |     1 |     2 |       ||     4
  Eat: Chunk             |    17 |    12 |    38 |       ||    67
Armor: Animal skin       |    11 |     8 |       |       ||    19
       Robe              |       |    42 |    72 |     1 ||   115
Dodge: Dodged            |    19 |    74 |    88 |    10 ||   191
